 Dungeon Crawl Stone Soup version 0.30-a0-42-g806c11bf1d (webtiles) character file.

Game seed: 7569334497801742622

1 TooFastSpriggan the Cudgeller (level 1, 0/18 HPs)
             Began as a Minotaur Gladiator on Aug 29, 2022.
             Succumbed to a goblin's poison
             ... on level 1 of the Dungeon.
             The game lasted 00:00:23 (38 turns).

TooFastSpriggan the Cudgeller (Minotaur Gladiator)    Turns: 38, Time: 00:00:23

Health: 0/18       AC:  3    Str: 18    XL:     1   Next: 16%
Magic:  0/0        EV: 12    Int:  5    God:
Gold:   11         SH:  0    Dex: 11    Spells: 0/0 levels left

rFire   . . .      SeeInvis .    a - +0 flail
rCold   . . .      Faith    .    (no shield)
rNeg    . . .      Spirit   .    b - +0 leather armour
rPois   .          Reflect  .    c - +0 hat
rElec   .          Harm     .    (no cloak)
rCorr   .          Rampage  .    (no gloves)
Will    .....                    (no boots)
Stlth   +.........               (no amulet)
HPRegen 0.06/turn                (no ring)
MPRegen 0.07/turn                (no ring)

@: lethally poisoned (0 -> -13)
A: horns 2, retaliatory headbutt
a: no special abilities


You were on level 1 of the Dungeon.
You visited 1 branch of the dungeon, and saw 1 of its levels.

You collected 11 gold pieces.

Inventory:

Hand Weapons
 a - a +0 flail (weapon)
Missiles
 d - 3 throwing nets (quivered)
 e - a javelin
Armour
 b - a +0 leather armour (worn)
 c - a +0 hat (worn)


   Skills:
 + Level 2.4 Fighting
 + Level 3.6 Maces & Flails
 + Level 2.0 Throwing
 + Level 3.3 Dodging


You couldn't memorise any spells.
You didn't know any spells.
Your spell library was empty.

Dungeon Overview and Level Annotations

Branches:
Dungeon (1/15)

Altars:


Innate Abilities, Weirdness & Mutations

You have a pair of horns on your head.
You reflexively headbutt those who attack you in melee.


Message History

Welcome, TooFastSpriggan the Minotaur Gladiator.
The Orb of Zot is coveted for many reasons.
Will you seize it for your own?
Press ? for a list of commands and other information.
Found a staircase leading out of the dungeon.
The killer bee buzzes angrily.
The jackal barks!
The iguana hisses angrily.
You now have 11 gold pieces.
Found an escape hatch in the floor.
A giant cockroach comes into view.
The giant cockroach moves out of view.
A giant cockroach is nearby!
An endoplasm and a goblin come into view.
The goblin is wielding a +1 dagger of venom.
The goblin shouts!
The endoplasm quivers.
A bat comes into view.
You closely miss the giant cockroach. The giant cockroach closely misses you.
You closely miss the giant cockroach.
Your headbutt misses the giant cockroach.
The giant cockroach bites you but does no damage.
The goblin hits you but does no damage.
You are poisoned.
The giant cockroach bites you.
You completely miss the giant cockroach.
You feel very sick.
The giant cockroach bites you but does no damage.
The goblin hits you but does no damage.
You are lethally poisoned!
You closely miss the giant cockroach.
You feel very sick. The giant cockroach closely misses you.
You furiously retaliate!
You headbutt the giant cockroach!
You kill the giant cockroach!
The goblin hits you with a +1 dagger of venom.
* * * LOW HITPOINT WARNING * * *
You feel very sick.
You die...

##.8.8.###.......#
#.......##.......#
###......8##......#
#<#..###..##......#
#.#..#h#...#......#
#.#..#k#..8#......#
#.#..#l#..........#
#.#..#y#..8##.....#
#.#..#l#...##.@.gJ#
#.#..###..#######b...#..
#........8# ..##...
#.........# ..#!##.
##...8.8.## ..###.#
#.......# ......#
######### #####.. ##


You could see an endoplasm, a goblin and a bat.

Vanquished Creatures
  A giant cockroach (D:1)
1 creature vanquished.

Notes
Turn   | Place    | Note
-------+----------+-------------------------------------------
     0 | D:1      | TooFastSpriggan the Minotaur Gladiator began the quest for
                  | the Orb.
     0 | D:1      | Reached XP level 1. HP: 18/18 MP: 0/0
     6 | D:1      | Noticed a lindwurm
     6 | D:1      | Noticed a killer bee
     6 | D:1      | Noticed a wyvern
     7 | D:1      | Noticed an iguana
    38 | D:1      | Succumbed to a goblin's poison

Illustrated notes

Levels and vault maps discovered:
D:1:      onia_arrival_zoo_common, layout_basic, serial_shops,
          nicolae_shop_statue_plus, st_stairs_1, minmay_heptomino_o4

Action                   || total
-------------------------++-------
Melee: Flail             ||     4
Armor: Leather armour    ||     4
Dodge: Dodged            ||     2

Table legend: (Time is in decaauts)
 A = Elapsed time spent in this place.
 B = Non-inter-level travel time spent in this place.
 C = Inter-level travel time spent in this place.
 D = Time resting spent in this place.
 E = Time spent auto-exploring this place.
 F = Levels seen in this place.
 G = Mean time per level.
                   A        B        C        D        E       F      G
               +--------+--------+--------+--------+--------+-----+--------+
         Total |     38 |     38 |      0 |      0 |     13 |   1 |   38.0 |
       Dungeon |     38 |     38 |      0 |      0 |     13 |   1 |   38.0 |
               +--------+--------+--------+--------+--------+-----+--------+

Top non-repeatable levels by time:
     D:1: 38 daAuts
